[Event "Late-Titled-Tuesday-Blitz-September-12-2023"]
[Site "Chess.com"]
[Date "2023.09.12"]
[Round "3"]
[White "Alexei_Gubajdullin"]
[Black "Jaka_Brilej"]
[Result "0-1"]
[WhiteElo "2592"]
[BlackElo "2450"]
[TimeControl "180+1"]
[EndTime "14:27:53 PDT"]
[Termination "Jaka_Brilej won on time"]

1. d4 d5 2. Nf3 Bf5 3. Bf4 e6 4. e3 Bd6 5. Bxd6 Qxd6 6. c4 dxc4 7. Bxc4 Nf6 8. Nc3 c6 9. Qe2 Ne4 10. O-O Nd7 11. Nxe4 Bxe4 12. Ng5 Bg6 13. Rfd1 h6 14. Nf3 O-O 15. e4 Qf4 16. Nd2 Rad8 17. g3 Qc7 18. f3 Nb6 19. Nb3 Bh5 20. Kg2 e5 21. g4 Bg6 22. a3 exd4 23. Rxd4 Rxd4 24. Nxd4 Rd8 25. Nb3 Qe5 26. Rc1 h5 27. h3 h4 28.
Qf2 Nxc4 29. Rxc4 f6 30. Rd4 Rxd4 31. Nxd4 Bf7 32. b4 g5 33. Nf5 Be6 34. Ne3 Qd4 35.
Qe2 Kf7 36. Nc2 Qc3 37. Qf2 Bb3 38. Nd4 Bc4 39. Nf5 Be6 40. Qxa7 Bxf5 41. gxf5 Qd2+ 42. Qf2 Qc3 43. Qa2+ Kg7 44. b5 cxb5 45. Qd5 Qb2+ 46. Kf1 Qxa3 47. Qxb7+ Kh6 48. e5 Qc1+ 49. Ke2 Qb2+ 50.
Kd3 Qxe5 51. Qd7 b4 52. Qe6 Qc3+ 53. Ke2 Qe5+ 0-1

[Event "Late-Titled-Tuesday-Blitz-September-12-2023"]
[Site "Chess.com"]
[Date "2023.09.12"]
[Round "3"]
[White "Flaccidmoves"]
[Black "m_ezat"]
[Result "0-1"]
[WhiteElo "2458"]
[BlackElo "2666"]
[TimeControl "180+1"]
[EndTime "14:27:55 PDT"]
[Termination "m_ezat won by resignation"]

1. d4 Nf6 2. c4 g6 3. Nc3 Bg7 4. e4 O-O 5. Nf3 d6 6. h3 c5 7. d5 b5 8. cxb5 a6 9. a4 e6 10. bxa6 exd5 11. exd5 Re8+ 12. Be2 Bxa6 13. Be3 Qb6 14. Qd2 Ne4 15. Nxe4 Rxe4 16. O-O Qxb2 17. Bxa6 Nxa6 18. a5 Nb4 19. Ra4 Qb3 20. Qd1 Qxd1 21. Rxd1 Re7 22. Nd2 Nxd5 23. Nc4 Nxe3 24. fxe3 Be5 25.
a6 Bg3 26. Kf1 Rea7 27. Rda1 d5 28. Nb6 Rd8 29. Rd1 Rd6 30. Nc8 Rdxa6 31. Rxa6 Rxa6 32.
Rxd5 Rf6+ 33. Ke2 Rf2+ 34. Kd3 Rxg2 35. Rxc5 Rh2 36. Ne7+ Kg7 37. Nd5 Rxh3 38. Rb5 Rh1 39. Ke4 Rf1 40. Rb7 h5 41. Nf4 Bxf4 42. exf4 h4 43.
Ra7 g5 44. fxg5 Kg6 45. Ra2 Kxg5 46. Rg2+ Kh5 47. Rg8 h3 48. Ke3 Kh4 49. Ke2 Rf6 50. Ke3 h2 51. Rh8+ Kg3 52. Rg8+ Rg6 53. Rh8 Kg2 0-1

[Event "Late-Titled-Tuesday-Blitz-September-12-2023"]
[Site "Chess.com"]
[Date "2023.09.12"]
[Round "3"]
[White "talaicito"]
[Black "emeli_chess"]
[Result "1-0"]
[WhiteElo "2213"]
[BlackElo "2364"]
[TimeControl "180+1"]
[EndTime "14:27:56 PDT"]
[Termination "talaicito won by checkmate"]

1. d4 Nf6 2. Nc3 d5 3. Bf4 c5 4. e3 cxd4 5. exd4 a6 6. Nf3 Bg4 7. h3 Bxf3 8. Qxf3 Nc6 9. O-O-O e6 10. g4 Bd6 11. g5 Bxf4+ 12. Qxf4 Nh5 13. Qe3 g6 14.
Bg2 O-O 15. Bf3 Ng7 16. Bg4 Qd6 17. h4 f5 18. Bf3 Rae8 19. h5 b5 20. hxg6 hxg6 21.
Rh6 Kf7 22. Ne2 Rh8 23. Nf4 Rxh6 24. gxh6 g5 25. Nh5 f4 26. Qd3 Nf5 27. Bg4 Nce7 28. Re1 Rh8 29. Ng7 Rxh6 30. Nxf5 exf5 31. Bxf5 Qf6 32.
Bg4 Rh4 33. f3 Rh2 34. a3 a5 35. Re6 Rh1+ 36. Kd2 Rh2+ 37. Kc3 b4+ 38. axb4 axb4+ 39. Kxb4 Nc6+ 40. Kc5 Qxd4+ 41. Qxd4 Nxd4 42. Kxd4 Rxc2 43. Rb6 Ke7 44. Kxd5 Re2 45. Rb7+ Kd8 46. b4 Rd2+ 47. Ke5 Rc2 48. Kf5 Kc8 49. Rb5 Kc7 50. Rc5+ Rxc5+ 51. bxc5 Kc6 52. Kxg5 Kxc5 53. Kxf4 Kd6 54. Kg5 Ke7 55. Kg6 Kf8 56. f4 Kg8 57. f5 Kf8 58. f6 Kg8 59.
Bf3 Kh8 60. Kf7 Kh7 61. Ke8 Kh8 62. f7 Kh7 63. f8=Q Kg6 64. Qf4 Kh7 65. Kf7 Kh8 66. Qh4# 1-0

[Event "Late-Titled-Tuesday-Blitz-September-12-2023"]
[Site "Chess.com"]
[Date "2023.09.12"]
[Round "3"]
[White "Vyacheslav_N"]
[Black "Miguelitro69"]
[Result "1-0"]
[WhiteElo "2471"]
[BlackElo "2277"]
[TimeControl "180+1"]
[EndTime "14:27:57 PDT"]
[Termination "Vyacheslav_N won by resignation"]

1. e4 c6 2. d4 d5 3. f3 g6 4. Nc3 Bg7 5. Be3 dxe4 6. fxe4 Nf6 7. Nf3 O-O 8. Be2 Qb6 9. Qc1 Qa5 10. O-O Rd8 11. h3 Nh5 12. Qe1 Qb4 13. Rb1 Nd7 14.
a3 Qd6 15. e5 Qc7 16. Ng5 Rf8 17. g4 Nxe5 18. dxe5 Qxe5 19. Qf2 Ng3 20. Bf4 Nxe2+ 21.
Qxe2 Qxe2 22. Nxe2 h6 23. Nf3 Be6 24. Be5 f6 25. Bc3 Bc4 26. Rfe1 e5 27. Ng3 Rfe8 28. Rbd1 Bd5 29. Kf2 Rad8 30. Nh4 Kf7 31. Nf3 Be6 32.
Rxd8 Rxd8 33. b3 Rd5 34. Bb2 Rc5 35. c3 Bxb3 36. Nd2 Bd5 37. Nge4 Rb5 38. Nd6+ Ke6 39. Nxb5 cxb5 40. Rc1 Bf8 41. c4 bxc4 42. Nxc4 b5 43. Ne3 Bb7 44. Ra1 Bc5 45. a4 b4 46. Ke2 a5 47. Rc1 Bb6 48. Nc4 Bc7 49. Ne3 Bb6 50. Nc4 Bc7 51. h4 f5 52. gxf5+ gxf5 53. Ne3 Bb6 54.
Nc4 Bc7 55. Rg1 Kf6 56. h5 f4 57. Rg6+ Kf5 58. Rxh6 f3+ 59. Kf2 Bb8 60. Rh7 Bd5 61.
Ne3+ Ke4 62. Nxd5 Ba7+ 63. Kg3 Kxd5 64. Kxf3 Bd4 65. Bxd4 Kxd4 66. Rd7+ Kc3 67. h6 Kb3 68. h7 Kxa4 69. h8=Q Ka3 70. Qxe5 a4 71. Qa1+ Kb3 72. Rd3+ Kc4 73. Qd4+ Kb5 74. Re3 1-0

[Event "Late-Titled-Tuesday-Blitz-September-12-2023"]
[Site "Chess.com"]
[Date "2023.09.12"]
[Round "3"]
[White "Valio_M1948"]
[Black "Sacbutt"]
[Result "1-0"]
[WhiteElo "2557"]
[BlackElo "2364"]
[TimeControl "180+1"]
[EndTime "14:28:04 PDT"]
[Termination "Valio_M1948 won on time"]

1. d4 Nf6 2. Bg5 d5 3. Bxf6 exf6 4. e3 Bd6 5. g3 O-O 6. Bg2 c6 7. Nd2 Re8 8. Ne2 Nd7 9. O-O f5 10. c4 Nf6 11. cxd5 Nxd5 12. Nc3 Nb6 13. Rb1 a5 14. Nb3 Be6 15. Nc5 Bxc5 16. dxc5 Nd7 17. Qd4 Qe7 18. b4 axb4 19. Rxb4 Nxc5 20. Rc1 Red8 21. Nd5 Bxd5 22. Qxc5 Qxc5 23. Rxc5 Bxg2 24. Kxg2 Rd7 25. a4 g6 26. a5 Kf8 27. Re5 Re8 28. Rc5 Ra8 29.
Re5 Ra7 30. Kf3 Re7 31. Rc5 h6 32. Rb6 Ke8 33. h4 Kd8 34. h5 Kc7 35. hxg6 fxg6 36. Rb4 Ra8 37. g4 fxg4+ 38. Rxg4 Rf8+ 39. Ke2 g5 40. Rgc4 Ref7 41. a6 Rxf2+ 42. Kd3 Rd8+ 43. Kc3 Rd6 44. Ra5 bxa6 45. Rxa6 Kb7 46. Ra5 Rf3 47. Re5 Rf7 48. Rb4+ Kc7 49. Ra5 Rdd7 50. Rc4 Kd8 51.
Ra8+ Ke7 52. Rxc6 Rf6 53. Rc4 Kf7 54. e4 Rf3+ 55. Kb4 Rb7+ 56. Kc5 Rf6 57. Rc8 g4 58. e5 Rf5 59. Kd5 Rd7+ 60. Ke4 1-0

[Event "Late-Titled-Tuesday-Blitz-September-12-2023"]
[Site "Chess.com"]
[Date "2023.09.12"]
[Round "3"]
[White "BillieKimbah"]
[Black "Hasangatin_Ramil"]
[Result "1/2-1/2"]
[WhiteElo "3030"]
[BlackElo "2726"]
[TimeControl "180+1"]
[EndTime "14:28:05 PDT"]
[Termination "Game drawn - insufficient material"]

1. d4 d5 2. Nf3 Nf6 3. Bg5 Ne4 4. Bh4 c5 5. e3 Nc6 6. Nbd2 Bf5 7. Be2 Qb6 8. O-O e6 9. c4 Nxd2 10. Qxd2 cxd4 11. exd4 dxc4 12. d5 exd5 13. Qxd5 Be6 14. Qe4 Be7 15. Bxe7 Nxe7 16. Ng5 Bd5 17. Qh4 Qh6 18.
Qxh6 gxh6 19. Nh3 Ng6 20. Rfc1 Rc8 21. Bg4 Rc7 22. Re1+ Re7 23. Rad1 Be6 24. Bxe6 Rxe6 25. Rxe6+ fxe6 26. f3 Ke7 27. Nf2 Rd8 28. Rc1 Rd4 29. Ne4 Nf4 30. Rc2 Nd5 31. b3 Nb4 32. Re2 cxb3 33.
axb3 b6 34. Kf2 Nd5 35. Kg3 Rd3 36. Rb2 a5 37. Kg4 Nf6+ 38. Nxf6 Kxf6 39. Kh5 Kg7 40. f4 Rd4 41. g3 Rb4 42. Rc2 Rxb3 43. Rc7+ Kf6 44. Kxh6 a4 45. g4 a3 46. g5+ Kf5 47.
Kxh7 Kxf4 48. g6 Rh3+ 49. Kg8 Rxh2 50. Ra7 e5 51. Rxa3 e4 52. g7 Rg2 53. Kf8 Rxg7 54. Kxg7 e3 55. Kf6 e2 56. Ra1 Ke3 57. Ke5 b5 58.
Kd5 Kf2 59. Kc5 e1=Q 60. Rxe1 Kxe1 61. Kxb5 1/2-1/2

[Event "Late-Titled-Tuesday-Blitz-September-12-2023"]
[Site "Chess.com"]
[Date "2023.09.12"]
[Round "3"]
[White "AradNazari"]
[Black "DanielNaroditsky"]
[Result "0-1"]
[WhiteElo "2752"]
[BlackElo "3082"]
[TimeControl "180+1"]
[EndTime "14:28:06 PDT"]
[Termination "DanielNaroditsky won by resignation"]

1. e4 c5 2. Nf3 d6 3. Bb5+ Nd7 4. d4 cxd4 5. Qxd4 Nf6 6. O-O a6 7. Bxd7+ Bxd7 8. c4 e5 9. Qd3 b5 10. Nfd2 Be7 11. Nc3 Rb8 12. b3 O-O 13. a4 bxc4 14.
bxc4 Qc7 15. Ba3 Rfc8 16. Rfc1 Qa7 17. h3 Bc6 18. a5 Qd7 19. Nf1 Nh5 20. Ne3 Nf4 21.
Qd2 Rb3 22. Qa2 Rxa3 23. Qxa3 d5 24. c5 d4 25. Ned5 dxc3 26. Nb6 Qe6 27. Nxc8 Qxc8 28.
Re1 Nd3 29. Red1 Bxc5 30. Qxc3 Bxf2+ 31. Kf1 Bd4 32. Qc4 Bxa1 33. Rxd3 Bd4 34. Ke1 g6 35. Rd2 Qd7 36. Rc2 Bb5 37. Qc8+ Qxc8 38. Rxc8+ Kg7 39. Kd2 Kf6 40. Rh8 h5 41. h4 Bc5 42. Kc3 Bf2 43.
Kb4 Be1+ 44. Kc5 Bxa5 45. Kd5 Be1 46. Rb8 Bxh4 47. Rb6+ Kg7 48. Kxe5 Bg3+ 49. Kd5 h4 50. e5 g5 51. Rb7 Bf1 52. Rb2 g4 53. Ke4 h3 54. gxh3 gxh3 55. e6 h2 56. Rxh2 Bxh2 57. e7 Bb5 0-1

[Event "Late-Titled-Tuesday-Blitz-September-12-2023"]
[Site "Chess.com"]
[Date "2023.09.12"]
[Round "3"]
[White "muchojogo"]
[Black "GarayevKanan"]
[Result "1/2-1/2"]
[WhiteElo "2484"]
[BlackElo "2715"]
[TimeControl "180+1"]
[EndTime "14:28:08 PDT"]
[Termination "Game drawn by stalemate"]

1. d4 d5 2. c4 e6 3. Nc3 c5 4. cxd5 exd5 5. Nf3 Nc6 6. dxc5 d4 7. Na4 Bxc5 8. Nxc5 Qa5+ 9. Bd2 Qxc5 10. Rc1 Qe7 11. e3 Nf6 12. Bc4 dxe3 13. Bxe3 Ng4 14. O-O Nxe3 15. fxe3 O-O 16. Qe2 Be6 17. Rfd1 Rfe8 18. Bb5 Bxa2 19. Rxc6 bxc6 20. Bxc6 Rac8 21. Bxe8 Rxe8 22.
h3 h6 23. e4 Qxe4 24. Qxe4 Rxe4 25. Ra1 Bd5 26. Rxa7 Re2 27. b4 Rb2 28. Rd7 Bxf3 29. gxf3 Rxb4 30. Kf2 h5 31. Rd6 g6 32. Ra6 Kg7 33.
Kg2 h4 34. Kf2 Rb2+ 35. Kg1 f6 36.
Ra4 g5 37. Re4 Kg6 38. Ra4 Rc2 39. Ra5 Re2 40. Rb5 Re5 41. Rxe5 fxe5 42. Kf2 Kf6 43. Ke3 Kf5 44. Ke2 Kf4 45. Kf2 e4 46. fxe4 Kxe4 47. Ke2 Kd4 48. Kf3 Ke5 49. Ke3 Kd5 50. Kf3 Ke6 51.
Ke4 Kf6 52. Ke3 Ke5 53. Kf3 Kf5 54. Ke3 Kg6 55. Kf3 Kf6 56. Ke4 Ke6 57. Kf3 Ke5 58.
Kg4 Kf6 59. Kf3 Kf5 60. Ke3 g4 61. hxg4+ Kxg4 62. Kf2 Kh3 63. Kg1 Kg3 64. Kh1 h3 65. Kg1 h2+ 66. Kh1 Kh3 1/2-1/2

[Event "Late-Titled-Tuesday-Blitz-September-12-2023"]
[Site "Chess.com"]
[Date "2023.09.12"]
[Round "3"]
[White "Jahonas"]
[Black "RichardLeyvaP"]
[Result "1/2-1/2"]
[WhiteElo "2448"]
[BlackElo "2611"]
[TimeControl "180+1"]
[EndTime "14:28:11 PDT"]
[Termination "Game drawn - insufficient material"]

1. d4 Nf6 2. Nf3 g6 3. c3 Bg7 4. Bg5 h6 5. Bh4 d6 6. Nbd2 g5 7. Bg3 Nh5 8. e3 e6 9. Be2 Qe7 10. Qb3 b6 11. Nf1 Bb7 12. h3 Nxg3 13. Nxg3 Nd7 14.
a4 a6 15. a5 b5 16. c4 c6 17. cxb5 cxb5 18. e4 Rc8 19. Rd1 Nf6 20. Bd3 O-O 21.
O-O Qc7 22. Qa3 Rfd8 23. Rfe1 Bf8 24. Qa2 d5 25. e5 Ne4 26. Nxe4 dxe4 27. Bxe4 Bxe4 28.
Rxe4 Qc4 29. Qb1 Qc2 30. Ne1 Qxb1 31. Rxb1 Rc4 32. Nf3 Rdc8 33. Rg4 Be7 34. h4 h5 35. Re4 g4 36. Nd2 Rc2 37. Nf1 Bxh4 38. g3 Bg5 39. b3 Ra2 40. Rd1 Rcc2 41. d5 exd5 42. Rxd5 Rxf2 43.
e6 Rg2+ 44. Kh1 Rgf2 45. Rxg5+ Kh7 46. Rf4 Rxf4 47. gxf4 fxe6 48. Rxh5+ Kg6 49. Rg5+ Kf6 50. Ng3 Rxa5 51. Ne4+ Kf7 52. Re5 Ra3 53. Nc5 a5 54. Kg2 a4 55. bxa4 bxa4 56. Re4 Ra2+ 57. Kg3 a3 58. Ra4 Rc2 59. Ne4 Kg6 60. Rxa3 Kf5 61. Re3 Rc6 62. Nf2 Rc1 63. Re5+ Kf6 64. Nxg4+ Kf7 65.
Kf3 Rg1 66. Nf2 Ra1 67. Rg5 Ra3+ 68. Kg4 Re3 69. Nh3 Kf6 70. Ng1 e5 71. Rf5+ Ke6 72.
Rxe5+ Rxe5 73. fxe5 Kxe5 1/2-1/2

[Event "Late-Titled-Tuesday-Blitz-September-12-2023"]
[Site "Chess.com"]
[Date "2023.09.12"]
[Round "3"]
[White "rikchessmx"]
[Black "tteshan"]
[Result "0-1"]
[WhiteElo "2284"]
[BlackElo "2527"]
[TimeControl "180+1"]
[EndTime "14:28:13 PDT"]
[Termination "tteshan won by checkmate"]

1. e4 c5 2. Nf3 Nc6 3. d4 cxd4 4.
Nxd4 g6 5. Nc3 Bg7 6. Nxc6 bxc6 7. f4 Nf6 8. Bd3 O-O 9. O-O d5 10. e5 Nd7 11. Kh1 Nc5 12. Be2 d4 13. Nb1 Bf5 14. Bd3 Nxd3 15. cxd3 Qd5 16. Na3 f6 17. exf6 exf6 18.
Nc4 Rfe8 19. b3 Re6 20. Ba3 Rae8 21. Rf2 Bh6 22. Qd2 Bh3 23. Nd6 Bxf4 24. Rxf4 Re2 25. Ne4 Rxd2 26. Nxf6+ Kg7 27. Nxd5 Bxg2+ 28. Kg1 Bxd5 29. Bc5 Ree2 30. Bxd4+ Kg8 31. Rf2 Rxf2 32. Bxf2 Rxd3 33. Re1 a5 34. Re7 Rd1+ 35. Be1 Kf8 36. Re3 Kf7 37. Kf2 Ra1 38. a4 Ra2+ 39. Re2 Rxe2+ 40.
Kxe2 Bxb3 41. Bxa5 Bxa4 42. Bb4 Bb5+ 43. Ke3 Ke6 44. Kd4 Kf5 45. Bd6 Kg4 46. Ke3 h5 47. Kf2 g5 48. Kg2 Kf5 49. Kg3 g4 50. h3 gxh3 51.
Kxh3 Be2 52. Kh4 Ke4 53. Kg3 Kd5 54. Bf4 c5 55. Kf2 Bg4 56. Ke3 c4 57. Kd2 h4 58.
Kc3 h3 59. Bh2 Be6 60. Kd2 Ke4 61. Ke2 c3 62. Kd1 Kd3 63. Kc1 Bf5 64. Be5 Ke2 65. Bg3 Kf3 66. Be5 Kg2 67. Kd1 c2+ 68. Kd2 h2 69.
Bxh2 Kxh2 70. Kc1 Kg3 71. Kd2 Kf3 72. Kc1 Ke3 73. Kb2 Kd2 74. Ka1 c1=Q+ 75. Ka2 Be6# 0-1

[Event "Late-Titled-Tuesday-Blitz-September-12-2023"]
[Site "Chess.com"]
[Date "2023.09.12"]
[Round "3"]
[White "CFalcons8"]
[Black "becemix"]
[Result "0-1"]
[WhiteElo "2294"]
[BlackElo "2523"]
[TimeControl "180+1"]
[EndTime "14:28:13 PDT"]
[Termination "becemix won by resignation"]

1. e4 e5 2. Nf3 Nc6 3. d4 exd4 4. Nxd4 Bb4+ 5. c3 Bc5 6. Be3 Bb6 7. Bc4 Nf6 8. f3 O-O 9. O-O Re8 10. Nd2 d5 11.
Bb5 Bd7 12. Bxc6 bxc6 13. Qc2 c5 14. Ne2 d4 15. cxd4 Bb5 16. dxc5 Bxe2 17. cxb6 Bxf1 18. b7 Rb8 19. Rxf1 Rxb7 20. Nc4 Qd7 21. b3 Qb5 22. Rd1 a5 23. Bd4 Nh5 24. Ne3 Nf4 25. Rd2 a4 26.
bxa4 Qb1+ 27. Qxb1 Rxb1+ 28. Kf2 Rd8 29. a5 c5 30. Bc3 Rxd2+ 31. Bxd2 Rb2 32. Nc4 Rxa2 33. g3 Ne6 34. Ke3 Nd4 35. f4 f6 36. e5 Kf7 37.
exf6 gxf6 38. Ke4 Ke6 39. Be3 f5+ 40. Kd3 Ra4 41. Bxd4 cxd4 42. Kxd4 Ra1 43. h4 h5 44. Kc5 Ra2 45. Kc6 Ra4 46. Kb5 Ra1 47. a6 Kd7 48. Ne5+ Kc7 49. Ng6 Rg1 50. Ne7 Rxg3 51.
Nxf5 Rg4 52. Ne3 Rxh4 53. f5 Re4 54. Nd5+ Kb8 55. Nf6 Re5+ 56. Kb6 Rxf5 57. Nd7+ Ka8 58. Nc5 Rf6+ 59. Kb5 h4 60. Nd7 Rh6 61. Nb6+ Rxb6+ 62. Kxb6 h3 0-1

[Event "Late-Titled-Tuesday-Blitz-September-12-2023"]
[Site "Chess.com"]
[Date "2023.09.12"]
[Round "3"]
[White "SONOFHOLYGOD"]
[Black "vladislavkovalev"]
[Result "0-1"]
[WhiteElo "2615"]
[BlackElo "2900"]
[TimeControl "180+1"]
[EndTime "14:28:14 PDT"]
[Termination "vladislavkovalev won by resignation"]

1. d4 Nf6 2. c4 e6 3. Nf3 Bb4+ 4.
Bd2 Qe7 5. g3 b6 6. Bg2 Bb7 7.
O-O Bxd2 8. Qxd2 O-O 9. Nc3 Ne4 10. Qc2 Nxc3 11. Qxc3 d6 12. Rfe1 Nd7 13. Qa3 Be4 14. Rac1 f5 15. Nh4 g5 16. Bxe4 fxe4 17. Ng2 e5 18. Qe3 exd4 19. Qxd4 Rf7 20. f4 exf3 21. exf3 Qf6 22. Qxf6 Rxf6 23. f4 gxf4 24. Nxf4 Ne5 25. Kg2 a5 26. Nd5 Rf7 27. Re3 Raf8 28. Rc2 h5 29. h3 Kh7 30. b3 a4 31. Rce2 a3 32. Nf4 h4 33. Ne6 Rg8 34. g4 c5 35. Rxe5 dxe5 36. Rxe5 Rd7 37. Rh5+ Kg6 38. Nf4+ Kf7 39. Nd5 b5 40. Rh7+ Rg7 41. Rxh4 b4 42. Rh5 Rg6 43.
Rh7+ Ke8 44. Rh8+ Kf7 45. Rh7+ Rg7 46. Rh5 Rd6 47. Rf5+ Ke6 48. Kg3 Rf7 49. Rg5 Rf1 50.
Rg6+ Kd7 51. Rg7+ Ke8 52. Re7+ Kd8 53. Re2 Rb1 54. h4 Rb2 55. Re1 Rxa2 56. h5 Rb2 57. Ra1 Rxb3+ 58. Kh4 Rb2 59. g5 a2 60. g6 b3 61. g7 Rg2 62. g8=Q+ Rxg8 63. Nc3 Rg2 64. Nxa2 bxa2 65. Rg1 Rxg1 0-1

[Event "Late-Titled-Tuesday-Blitz-September-12-2023"]
[Site "Chess.com"]
[Date "2023.09.12"]
[Round "3"]
[White "nevermind242"]
[Black "AlexNovitz"]
[Result "1/2-1/2"]
[WhiteElo "2357"]
[BlackElo "2181"]
[TimeControl "180+1"]
[EndTime "14:28:15 PDT"]
[Termination "Game drawn by agreement"]

1. Nf3 c5 2. g3 Nc6 3. Bg2 g6 4.
c4 Bg7 5. Nc3 e5 6. a3 a5 7. O-O Nge7 8. Ne1 d6 9. Nc2 Be6 10.
Ne3 O-O 11. Ned5 Rb8 12. d3 h6 13. Qa4 Bxd5 14. Nxd5 Nd4 15. Re1 b5 16. cxb5 Nxb5 17. Nxe7+ Qxe7 18. Qxa5 Nd4 19. Rb1 Nb3 20. Qa4 Qe6 21.
Qc4 Qxc4 22. dxc4 f5 23. Rd1 Nxc1 24. Rbxc1 Rxb2 25. Rxd6 e4 26. Rxg6 Kh7 27. Rc6 Rxe2 28. Rxc5 Rxf2 29. Kxf2 Bd4+ 30. Ke2 Bxc5 31. a4 Rb8 32.
Rd1 Rb4 33. Bh3 Kg6 34. Bxf5+ Kxf5 35. Rd5+ Kf6 36. Rxc5 Rxa4 37. Ke3 Ra2 38. Rh5 Kg6 39. Rh4 Rc2 40. Rxe4 Rxh2 41. Kd4 Rg2 42. Re3 Kf5 43. c5 Rc2 44. Rc3 Rd2+ 45. Kc4 Ke6 46. Kb5 Kd7 47. c6+ Kc7 48. Kc5 Rg2 49. Rf3 Rc2+ 50. Kd5 Rd2+ 51. Ke5 Kxc6 52. Rf6+ Kd7 53. Rxh6 Ke7 54.
Rh7+ Kf8 55. g4 Kg8 56. Ra7 Rd8 57. Kf6 Rb8 58. g5 Rc8 59. Kg6 Rb8 60. Kh6 Rc8 61.
Rg7+ Kh8 62. g6 Rd8 63. Rh7+ Kg8 64. Re7 Rc8 65. Kg5 Rb8 66. Kf6 Rc8 67. Rd7 Rb8 68.
Ke7 Ra8 69. Kf6 1/2-1/2

[Event "Late-Titled-Tuesday-Blitz-September-12-2023"]
[Site "Chess.com"]
[Date "2023.09.12"]
[Round "3"]
[White "zeitnot2006"]
[Black "Eloist"]
[Result "1-0"]
[WhiteElo "2753"]
[BlackElo "2493"]
[TimeControl "180+1"]
[EndTime "14:28:16 PDT"]
[Termination "zeitnot2006 won by resignation"]

1. e4 e6 2. d3 d5 3. Nd2 Nf6 4. Ngf3 b6 5. g3 dxe4 6. dxe4 Bb7 7. Qe2 Ba6 8. c4 Nc6 9. Bg2 e5 10. O-O Bc5 11. Nb3 O-O 12. Bg5 h6 13. Rad1 Qe7 14. Nxc5 bxc5 15. Bxf6 Qxf6 16. b3 Nd4 17. Nxd4 cxd4 18. b4 c5 19. b5 Bb7 20. a4 a6 21. Ra1 a5 22. f4 exf4 23. gxf4 Rfe8 24.
Qd3 Qg6 25. Rae1 f5 26. Kh1 fxe4 27. Qa3 Qf5 28. Qg3 Re7 29. Bh3 e3+ 30. Kg1 Qe4 31.
Bg2 Qxg2+ 32. Qxg2 Bxg2 33. Kxg2 Rf8 34. Rf3 Ref7 35.
b6 Rb8 36. Rb1 Rfb7 37. Rb5 Rxb6 38. Rxc5 Rb2+ 39. Kg3 Re8 40. Re5 Rxe5 41. fxe5 Rc2 42. e6 Rxc4 43. e7 Rc8 44. Rf4 e2 45. Kf2 d3 46.
Rd4 Re8 47. Rxd3 Rxe7 48. Ke1 g5 49. Rd5 Kg7 50. Rxa5 Kg6 51. Rd5 Kh5 52. Rd2 Re4 53. Ra2 Kg4 54. a5 Kf3 55. a6 Re8 56. a7 Ra8 57.
Ra3+ Kg2 58. h3 h5 59. Kxe2 g4 60. hxg4 hxg4 61. Ke3 g3 62. Kf4 Kh3 63. Rxg3+ Kh2 64.
Ra3 Kg2 65. Ke5 Kf2 66. Kd5 Ke2 67. Ra6 Ke3 68. Kc5 Kd3 69. Kb6 Kc4 70. Kb7 Rxa7+ 71.
Kxa7 1-0

[Event "Late-Titled-Tuesday-Blitz-September-12-2023"]
[Site "Chess.com"]
[Date "2023.09.12"]
[Round "3"]
[White "Jenia84"]
[Black "lluiss"]
[Result "1-0"]
[WhiteElo "2365"]
[BlackElo "2169"]
[TimeControl "180+1"]
[EndTime "14:28:16 PDT"]
[Termination "Jenia84 won on time"]

1. e4 c5 2. Nf3 d6 3. d4 cxd4 4.
Nxd4 Nf6 5. Nc3 g6 6. Be3 Bg7 7. Be2 O-O 8. Qd2 Nc6 9. O-O-O Nxd4 10. Bxd4 Be6 11. Kb1 Qc7 12. f4 Rfd8 13. h3 Qa5 14.
Nd5 Qxd2 15. Nxf6+ Bxf6 16. Rxd2 Kg7 17. Rhd1 Rdc8 18. Bf3 Rc7 19. g4 Bxd4 20. Rxd4 f6 21. b3 g5 22. fxg5 fxg5 23. e5 dxe5 24. Re4 Rc5 25. Rde1 Kf6 26. Rb4 Rac8 27. Be4 b6 28. Re3 Kg7 29. Bd3 R8c7 30. Rbe4 Kf6 31. Rf3+ Kg7 32.
Re2 Rc3 33. Rxe5 Bf7 34. Rxg5+ Bg6 35. h4 Kh6 36. Re5 Kg7 37. Re2 Bxd3 38. Rxd3 Rxd3 39. cxd3 Kf6 40. Kb2 Rc5 41. Rf2+ Kg6 42. Re2 Kf6 43. d4 Rc7 44. Re5 Rd7 45. Kc3 Rc7+ 46. Kd3 Rc1 47.
Rf5+ Kg6 48. Re5 Kf6 49. Re2 Rg1 50. Rf2+ Kg7 51. Rf4 Rh1 52. h5 Rh3+ 53. Ke4 Rh2 54. a4 Rb2 55. Ke5 Re2+ 56. Kd5 Rb2 57. Re4 Rxb3 58.
Rxe7+ Kg8 59. Rxa7 Rg3 60. Rb7 Rxg4 61. Rxb6 Rg5+ 62.
Kc4 Rxh5 63. Rb5 Rh1 64. a5 Ra1 65. Kc5 h5 66. Kb6 Kg7 67. Rxh5 Rb1+ 68. Rb5 Rd1 69. d5 1-0

[Event "Late-Titled-Tuesday-Blitz-September-12-2023"]
[Site "Chess.com"]
[Date "2023.09.12"]
[Round "3"]
[White "MarcoRiehle"]
[Black "SpeedofLight0"]
[Result "0-1"]
[WhiteElo "2767"]
[BlackElo "3104"]
[TimeControl "180+1"]
[EndTime "14:28:17 PDT"]
[Termination "SpeedofLight0 won on time"]

1. e4 e5 2. Nf3 Nc6 3. Bc4 Nf6 4. d4 exd4 5. O-O Nxe4 6. Nc3 dxc3 7.
Bxf7+ Kxf7 8. Qd5+ Ke8 9. Re1 Qf6 10. Rxe4+ Ne7 11. Bg5 Qf7 12. Qd3 cxb2 13. Rae1 d5 14.
Bxe7 Bd7 15. R4e2 Bxe7 16. Qa3 Kd8 17. Rxe7 Qf6 18. R7e5 Re8 19. Qxb2 Rxe5 20. Nxe5 Bc6 21. Re3 d4 22. Qxd4+ Kc8 23. h3 b6 24. Rc3 Be8 25.
Qd5 Rb8 26. g3 Rb7 27. f4 Qd8 28. Qe6+ Bd7 29. Nxd7 Qxd7 30. Qg8+ Qd8 31. Qe6+ Kb8 32.
Rd3 Qf8 33. Rd7 a5 34. Qd5 Ka7 35. Rd8 Qa3 36. Qg8 Qxg3+ 37. Kh1 Qxh3+ 38. Kg1 Qg3+ 39. Kh1 Qh4+ 40. Kg2 Qg4+ 41. Kh1 Qf3+ 42. Kg1 Qe3+ 43. Kh1 Qe4+ 44. Kg1 Ka6 45. c4 Ra7 46. Rb8 a4 47. Qc8+ Ka5 48. Qg8 Qe3+ 49. Kh1 Qf3+ 50. Kg1 Qg4+ 51.
Kh1 Qh5+ 52. Kg1 Qc5+ 53. Kh1 Kb4 54. Re8 Qxc4 55. Qf8+ c5 56. Qf5 Qxa2 57. Re4+ Ka5 58. Qe5 Qb1+ 59. Re1 Qd3 60. Re3 Qd1+ 61. Kg2 Rd7 62.
Qc3+ Kb5 63. Rf3 Rd2+ 64. Rf2 Rxf2+ 65. Kxf2 Qd4+ 0-1

[Event "Late-Titled-Tuesday-Blitz-September-12-2023"]
[Site "Chess.com"]
[Date "2023.09.12"]
[Round "3"]
[White "EnvigadoCity"]
[Black "jinxy2009"]
[Result "1-0"]
[WhiteElo "2026"]
[BlackElo "2317"]
[TimeControl "180+1"]
[EndTime "14:28:17 PDT"]
[Termination "EnvigadoCity won by resignation"]

1. d4 Nf6 2. c4 g6 3. Nc3 d5 4. Nf3 Bg7 5. h4 dxc4 6. e4 c5 7. d5 b5 8. h5 O-O 9. hxg6 fxg6 10. e5 Ng4 11. e6 Bb7 12. Rxh7 Rf5 13. Rxg7+ Kxg7 14. Nh4 Re5+ 15. Be2 b4 16. Qc2 Qe8 17. Kf1 Nf6 18. Bf4 Rxd5 19. Nxd5 Bxd5 20. Bxc4 Nc6 21. Bd3 Nd4 22. Qd2 Qc6 23. Bh6+ Kg8 24. Nxg6 Bxg2+ 25. Ke1 Nf3+ 26. Kd1 Nxd2 27. Nxe7+ Kh8 28. Nxc6 Bxc6 29. Kxd2 Rd8 30. Ke2 Be4 31. Bxe4 Nxe4 32. Rd1 Re8 33. f3 Rxe6 34. fxe4 Rxh6 35. Rd2 Rh2+ 36. Ke3 Rh3+ 37. Kf4 Kg7 38. Rd7+ Kf6 39. Rd6+ Ke7 40. Ra6 Rh2 41. Rxa7+ Ke6 42. Ra6+ Ke7 43. b3 Rf2+ 44. Ke5 Re2 45. Ra7+ Ke8 46. Kd5 Kd8 47. e5 Ke8 48. Ke6 Kd8 49.
Ra8+ Kc7 50. Kf6 Kd7 51. Ra7+ Ke8 52. Ke6 Kd8 53. Kd6 Ke8 54. e6 Rd2+ 55. Kxc5 Re2 56. e7 Kf7 57. Kxb4 Re4+ 58. Kc3 Re3+ 59. Kb2 Rxe7 60.
Rxe7+ Kxe7 61. b4 Kd7 62. Kb3 Kc7 63. a3 Kb7 64. a4 Kb6 65. b5 Ka7 66. Kc4 Kb7 67. Kc5 Kc7 68. a5 Kb8 69. a6 Ka7 70. Kc6 Ka8 71. b6 Kb8 72. b7 Ka7 73. Kc7 Kxa6 74.
b8=Q 1-0

[Event "Late-Titled-Tuesday-Blitz-September-12-2023"]
[Site "Chess.com"]
[Date "2023.09.12"]
[Round "3"]
[White "Iball95"]
[Black "Jospem"]
[Result "0-1"]
[WhiteElo "2778"]
[BlackElo "3105"]
[TimeControl "180+1"]
[EndTime "14:28:19 PDT"]
[Termination "Jospem won by checkmate"]

1. e4 c5 2. Nf3 d6 3. Nc3 a6 4. d4 cxd4 5. Qxd4 Nc6 6. Qd3 g6 7.
Nd5 e6 8. Nc3 Nf6 9. Be2 Be7 10.
Bf4 O-O 11. O-O e5 12. Bg5 Nh5 13. Bh6 Re8 14. Rad1 Be6 15. Nd5 Bxd5 16. Qxd5 Nf6 17. Qd3 Qb6 18. Ng5 Nd8 19. b3 Qc6 20. c4 Nd7 21.
Qh3 Bxg5 22. Bxg5 Ne6 23. Be3 Nf4 24. Qf3 Nxe2+ 25. Qxe2 Re6 26. f3 f5 27. exf5 gxf5 28. Rd2 Rf8 29. Rfd1 Rff6 30. Kh1 Rg6 31. a4 h5 32. Qe1 f4 33. Bg1 Nf6 34. c5 d5 35.
Qh4 d4 36. Re1 Nd5 37. b4 Ne3 38. Qd8+ Re8 39. Qh4 Ree6 40. Ra1 Nf5 41. Qh3 Ref6 42. Re1 Qd5 43. Rde2 Ne3 44. Rd2 Qe6 45. Qh4 Nf5 46.
Qf2 Ne3 47. Qh4 Kg7 48. b5 axb5 49. axb5 Qc4 50. c6 bxc6 51. bxc6 Qxc6 52. Qxh5 Rf5 53. Qh4 Qe6 54. Qd8 Rh5 55. Bxe3 fxe3 56. Rc2 Kh6 57. Rc7 Qf6 58. Qd7 Kg5 59. Qd5 Qf4 60. g3 Qxg3 61.
Rg1 Rxh2# 0-1